 Dungeon Crawl Stone Soup version 0.30-b1-2-g02819fbbbe (webtiles) character file.

Game seed: 7179593464928816296

905 Anon1729 the Trooper (level 7, -1/61 HPs)
             Began as a Minotaur Monk on Aug 25, 2023.
             Slain by an iguana (11 damage)
             ... on level 5 of the Dungeon.
             The game lasted 00:01:37 (3927 turns).

Anon1729 the Trooper (Minotaur Monk)                Turns: 3927, Time: 00:01:37

Health: -1/61      AC:  2    Str: 16    XL:     7   Next: 80%
Magic:  8/8        EV: 14    Int:  7    God:
Gold:   219        SH:  0    Dex: 14    Spells: 6/6 levels left

rFire   . . .        k - +2 short sword (freeze)
rCold   . . .        d - orb {light}
rNeg    . . .        b - +0 robe
rPois   +            (helmet restricted)
rElec   .            (no cloak)
rCorr   .            (no gloves)
SInv    +            (no boots)
Will    .....        (no amulet)
Stlth   +            g - ring of poison resistance
HPRegen 0.30/turn    l - ring of see invisible
MPRegen 0.11/turn

%: no passive effects
@: confused, ambrosia-drunk, hasted, glowing, very quick
A: horns 2, retaliatory headbutt
a: no special abilities


You were on level 5 of the Dungeon.
You visited 1 branch of the dungeon, and saw 5 of its levels.

You collected 219 gold pieces.

Inventory:

Hand Weapons
 k - a +2 short sword of freezing (weapon)
Armour
 b - a +0 robe (worn)
 d - an orb of light (worn)
 w - a +0 kite shield
Jewellery
 g - a ring of poison resistance (left hand)
 l - a ring of see invisible (right hand)
Scrolls
 a - 2 scrolls of amnesia {unknown}
 e - a scroll of enchant weapon {unknown}
 f - 3 scrolls of identify {unknown}
 i - a scroll of fog {unknown}
 j - 3 scrolls of teleportation {unknown}
 n - a scroll of immolation {unknown}
 r - a scroll of brand weapon {unknown}
 u - a scroll of acquirement {unknown}
 v - 2 scrolls of butterflies {unknown}
Potions
 h - a potion of degeneration {unknown}
 m - a potion of curing {unknown}
 o - a potion of flight {unknown}
 p - a potion of berserk rage {unknown}
 q - a potion of invisibility {unknown}
 s - a potion of resistance {unknown}
 t - a potion of haste


   Skills:
 + Level 5.5 Fighting
 + Level 5.1 Short Blades
 + Level 3.8 Armour
 + Level 5.0 Dodging
 + Level 2.9 Stealth
 + Level 2.3 Shields
 + Level 3.2 Invocations


You had 6 spell levels left.
You didn't know any spells.
Your spell library contained the following spells:

 Spells                   Type           Power      Damage    Failure   Level
 Magic Dart               Conj           0%         1d3       43%         1
 Searing Ray              Conj           0%         2d4       56%         2
 Call Canine Familiar     Summ           0%         N/A       80%         3
 Portal Projectile        Hex/Tloc       0%         N/A       80%         3
 Volatile Blastmotes      Fire/Tloc      0%         2d10      80%         3
 Fulminant Prism          Conj/Hex       0%         3d5       99%         4
 Iskenderun's Mystic Bla  Conj/Tloc      0%         2d3       99%         4
 Leda's Liquefaction      Hex/Erth       0%         N/A       99%         4
 Lee's Rapid Deconstruct  Erth           0%         3d4*      100%        5


Dungeon Overview and Level Annotations

Branches:
Dungeon (5/15)
 Temple: D:4-7

Altars:
Makhleb
The Shining One


Innate Abilities, Weirdness & Mutations

You have a pair of horns on your head.
You reflexively headbutt those who attack you in melee.


Message History

* * * LOW HITPOINT WARNING * * *
The centaur kicks you but does no damage.
You barely miss the adder.
The adder is heavily wounded.
You feel sick. The adder bites you.
* * * LOW HITPOINT WARNING * * *
The centaur hits you.
* * * LOW HITPOINT WARNING * * *
The centaur closely misses you.
You are confused.
You feel invigorated.
You feel sick. The adder completely misses you. The centaur barely misses you.
The centaur kicks you.
* * * LOW HITPOINT WARNING * * *
You hit the centaur but do no damage.
The centaur is lightly wounded.
You feel sick. The centaur hits you.
* * * LOW HITPOINT WARNING * * *
The centaur kicks you.
* * * LOW HITPOINT WARNING * * *
The adder barely misses you.
You feel sick.
You are no longer poisoned.
The centaur closely misses you. The centaur misses you.
The iguana hisses menacingly.
The adder closely misses you.
Things that are here:
a +0 hand axe; a +0 leather armour You miss the adder.
You headbutt the adder.
The adder is heavily wounded.
The centaur hits you.
* * * LOW HITPOINT WARNING * * *
The centaur misses you. The adder closely misses you.
It was a potion of haste.
You feel yourself speed up. The centaur hits you.
* * * LOW HITPOINT WARNING * * *
The centaur kicks you.
* * * LOW HITPOINT WARNING * * *
The adder bites you.
* * * LOW HITPOINT WARNING * * *
The iguana bites you!
You die...

#..## #.... ..
##..## ##... ...
##....# #... ...# ##
#..#### ....
....##.#####.####..#
...
.....#...###.......#
................##.#
.....#...†...#.##
......l@..#.####
.......cS##.#
#...........#
............#
.!............[
...............
..............#
........##..#..
........# $.#..


You could see a centaur, an iguana and an adder.

Vanquished Creatures
  Pikel (D:4)
  Pargi (D:3)
  An ogre (D:5)
  A crimson imp (D:3)
  A hound (D:4)
  3 orc wizards (D:4)
  4 adders
  3 worms
  A dart slug (D:5)
  6 orcs
  7 bats
  5 endoplasms
  5 giant cockroaches
  5 goblins
  3 hobgoblins
  2 jackals (D:3)
  8 kobolds
  3 quokkas
  9 ball pythons
  5 frilled lizards
  4 hobgoblin zombies (D:3)
  2 kobold skeletons (D:3)
  4 kobold zombies (D:3)
  An orc skeleton (D:3)
  4 rats
89 creatures vanquished.

Notes
Turn   | Place    | Note
-------+----------+-------------------------------------------
     0 | D:1      | Anon1729 the Minotaur Monk began the quest for the Orb.
     0 | D:1      | Reached XP level 1. HP: 19/19 MP: 0/0
   178 | D:1      | Reached XP level 2. HP: 27/27 MP: 1/1
   788 | D:1      | Reached skill level 1 in Armour
  1020 | D:2      | Reached XP level 3. HP: 32/33 MP: 2/2
  1136 | D:2      | Found a burning altar of Makhleb.
  1152 | D:2      | You fall into a shaft and drop 2 floors!
  1392 | D:4      | Reached skill level 1 in Stealth
  1392 | D:4      | Reached skill level 1 in Invocations
  1609 | D:4      | Reached XP level 4. HP: 40/40 MP: 3/3
  1957 | D:4      | Reached XP level 5. HP: 41/47 MP: 5/5
  2506 | D:3      | Found a glowing golden altar of the Shining One.
  2791 | D:3      | Noticed Pargi
  2804 | D:3      | Killed Pargi
  2805 | D:3      | Reached XP level 6. HP: 17/55 MP: 6/6
  3753 | D:5      | Entered Level 5 of the Dungeon
  3797 | D:5      | Reached skill level 5 in Fighting
  3797 | D:5      | Noticed Pikel
  3827 | D:4      | Killed Pikel
  3828 | D:4      | Reached skill level 5 in Short Blades
  3828 | D:4      | Reached skill level 5 in Dodging
  3828 | D:4      | Reached XP level 7. HP: 41/61 MP: 6/8
  3927 | D:5      | Slain by an iguana

Illustrated notes

Levels and vault maps discovered:
D:1:      amcnicky_arrival_blooded_trapdoor, layout_loops_corners,
          grunt_decor_clamped
D:2:      layout_basic, serial_aquarium, aquarium_bridge_long_joined
          [aquarium_subvault_bridge, aquarium_subvault_bridge,
          aquarium_subvault_bridge, aquarium_subvault_bridge,
          aquarium_subvault_bridge, aquarium_subvault_window],
          aquarium_bridge_straight [aquarium_subvault_bridge,
          aquarium_subvault_balcony, aquarium_subvault_bridge,
          aquarium_subvault_wall], aquarium_window_1,
          aquarium_window_corridor_1, aquarium_view_2d, aquarium_view_2e,
          aquarium_balcony_1a, aquarium_pool_four, basic_altar
D:3:      layout_basic, nicolae_tso_besieged_by_evil, uniq_pargi
D:4:      layout_basic
D:5:      layout_cave_pools, mainiacjoe_overflow_divided_tiny,
          minmay_temple_entry_grid, uniq_pikel

Skill      XL: |  1  2  3  4  5  6 |
---------------+-------------------+-----
Armour         | 1 2 3 |  3.8
Fighting       | 4 5 |  5.5
Stealth        | 1 2 |  2.9
Invocations    | 1 2 3 |  3.2
Dodging        | 4 5 |  5.0
Short Blades   | 4 5 |  5.1
Shields        | 2 |  2.3

Action                     |  1- 3 |  4- 6 |  7- 9 || total
---------------------------+-------+-------+-------++-------
  Melee: Short sword       |    67 |   131 |     7 ||   205
         Headbutt          |    15 |    30 |     1 ||    46
    Use: Potion            |       |     1 |     2 ||     3
   Stab: Sleeping          |       |     1 |       ||     1
 Armour: Robe              |    10 |    20 |     2 ||    32
  Dodge: Dodged            |    27 |    79 |    13 ||   119
